Map: Ultralove

Players

cleaner

  • Race: Zerg Zerg
  • League: Master
  • Spawn Location: 7:00

BlueZerg - Winner!

  • Race: Zerg Zerg
  • League: Master
  • Spawn Location: 1:00

VOD

Have the link to the VOD?

Description

Time

  • Played on: May 10, 2025, 4:11 a.m.
  • Length: 2:45
Show
View Real Time Build Order
Export as new Build Order

cleaner Zerg 

Build Orders: Hatch First 

Get SALT Encoding   

  12  0:00  Drone  
  13  0:12  Overlord  
  13  0:25  Drone  
  14  0:31  Drone x2  
  16  0:48  Hatchery  
  15  0:53  Drone  
  15  0:55  Drone  
  17  0:59  Drone  
  17  1:03  Extractor  
  17  1:15  Spawning Pool  
  17  1:18  Drone  
  17  1:21  Drone  
  18  1:30  Drone  
  19  1:43  Overlord  
  19  2:03  Zergling x6  
  19  2:04  Queen  
  16  2:18  Zergling x4  
Show
View Real Time Build Order
Export as new Build Order

BlueZerg Zerg - Winner!

Build Orders: Pool Only 

Get SALT Encoding   

  12  0:18  Spawning Pool  
  11  0:22  Drone  
  12  0:29  Drone  
  13  0:36  Overlord  
  13  1:06  Zergling x2  
  13  1:07  Zergling x4  
  16  1:16  Queen  
  18  1:18  Zergling x2  
  19  1:33  Zergling x2  
  20  1:48  Spine Crawler  
  20  1:50  Spine Crawler  
  18  1:55  Drone  
  18  1:56  Drone  
Tags
 
Matchup
ZvZ
Race
Zerg
Spawn Locations
Cross Positions
Add a new tag
Caveats
  • Supply blocks, unpowered buildings, or Contaminate may cause inaccurate times.
  • Supply counts are checked every 10 seconds.